 Dungeon Crawl Stone Soup version 0.31-a0-1183-gd88bbb8b4d (webtiles) character file.

Game seed: 9083452645269703515

88 qw the Shooter (level 4, -5/28 HPs)
             Began as a Gargoyle Hunter on Dec 11, 2023.
             Slain by a black bear (11 damage)
             ... on level 3 of the Dungeon.
             The game lasted 00:00:34 (1720 turns).

qw the Shooter (Gargoyle Hunter)                    Turns: 1720, Time: 00:00:35

Health: -5/28      AC:  9    Str: 14    XL:     4   Next: 53%
Magic:  4/4        EV: 11    Int: 10    God:
Gold:   156        SH:  5    Dex: 15    Spells: 3/3 levels left

rFire   . . .        a - +1 shortbow
rCold   . . .        (shield currently unavailable)
rNeg    + + .        k - +1 leather armour {rN+}
rPois   inf          b - +1 helmet
rElec   +            (no cloak)
rCorr   .            (no gloves)
SInv    .            (no boots)
Will    .....        d - amulet of reflection
Stlth   ++           (no ring)
HPRegen 0.24/turn    (no ring)
MPRegen 0.09/turn

%: reflection
@: no status effects
A: sickness immunity, AC +3, negative energy resistance 1, electricity
resistance, torment resistance 1, petrification resistance, MP-powered wands
a: no special abilities


You were on level 3 of the Dungeon.
You visited 1 branch of the dungeon, and saw 3 of its levels.

You collected 156 gold pieces.


Innate Abilities, Weirdness & Mutations

You are immune to sickness and miasma.
Your stone body is resilient. (AC +3)
You are immune to poison.
You resist negative energy. (rN+)
You are resistant to electric shocks. (rElec)
You are resistant to unholy torment.
You are immune to petrification.
You expend magic power (3 MP) to strengthen your wands.


   Skills:
 - Level 3.1 Fighting
 + Level 5.2 Ranged Weapons
 - Level 1.4 Armour
 - Level 1.5 Dodging
 - Level 1.1 Stealth


You had 3 spell levels left.
You didn't know any spells.
Your spell library was empty.

Inventory:

Hand Weapons
 a - a +1 shortbow (weapon)
Armour
 b - a +1 helmet (worn)
 k - a +1 leather armour of positive energy (worn)
Jewellery
 d - an amulet of reflection (around neck)
Potions
 c - a potion of enlightenment
 f - a potion of mutation
 g - 2 potions of might
 h - a potion of curing
 i - a potion of haste

Dungeon Overview and Level Annotations

Branches:
Dungeon (3/15)

Altars:


Message History

You shoot an arrow. The arrow hits the black bear!
The black bear is heavily wounded.
You shoot an arrow. The arrow hits the black bear!
The black bear is severely wounded.
The black bear goes berserk!
You shoot an arrow. The arrow hits the black bear.
The black bear is almost dead.
You shoot an arrow. The arrow barely misses the black bear.
The black bear barely misses you. The black bear claws you.
The black bear misses you.
The black bear bites you but does no damage.
The black bear claws you. The black bear closely misses you.
You shoot an arrow. The arrow barely misses the black bear.
You block the black bear's attack. The black bear claws you.
The black bear claws you but does no damage.
You shoot an arrow. The arrow hits the black bear.
The black bear is almost dead.
The black bear misses you.
The black bear claws you but does no damage.
The black bear misses you. The black bear bites you!
The black bear claws you but does no damage.
The black bear completely misses you.
1718 ||| DRINKING bubbling green potion.
It was a potion of heal wounds.
You feel much better. The black bear barely misses you.
The black bear claws you. x2
You shoot an arrow. The arrow hits the black bear.
The black bear is almost dead.
You block the black bear's attack. The black bear claws you.
The black bear claws you but does no damage.
The black bear bites you!
The black bear claws you but does no damage.
The black bear claws you.
You shoot an arrow.
The arrow hits the black bear but does no damage.
The black bear is almost dead.
The black bear bites you but does no damage.
The black bear closely misses you.
The black bear claws you but does no damage.
The black bear bites you!
You die...

..# ##.##.# ##
#.#.##.##.# ..##.#.
#.##.### .... #.##.#..
#####.####.##.#.#####.
#........#.##.#......>
##.##<##.#.##.#....##.
#...#..............
#.########@#.##.### ..
......h.#.# ...
..........# ..##
########..# .#. ...
..#. ..## ... .###


You could see a black bear (berserk).

Vanquished Creatures
  An orc wizard (D:2)
  A gnoll (D:1)
  An adder (D:2)
  A worm (D:2)
  4 orcs (D:2)
  4 bats
  3 endoplasms
  2 giant cockroaches
  3 goblins
  5 hobgoblins (D:1)
  A jackal (D:2)
  A kobold (D:2)
  5 ball pythons
  A frilled lizard (D:2)
  2 rats
35 creatures vanquished.

Notes
Turn   | Place    | Note
-------+----------+-------------------------------------------
     0 | D:1      | qw the Gargoyle Hunter began the quest for the Orb.
     0 | D:1      | Reached XP level 1. HP: 12/12 MP: 1/1
     0 | D:1      | 0 ||| qw: Version: 0.3-a-106-g2cfff9e
     0 | D:1      | 0 ||| qw: Game counter: 2119
     0 | D:1      | 0 ||| qw: Melee chars always use a shield: true
     0 | D:1      | 0 ||| qw: God list: Okawaru
     0 | D:1      | 0 ||| qw: Allow faded altars: false
     0 | D:1      | 0 ||| qw: Do Orc after clearing Dungeon:15 true
     0 | D:1      | 0 ||| qw: Do second Lair branch before Depths: true
     0 | D:1      | 0 ||| qw: Lair rune preference: random
     0 | D:1      | 0 ||| qw: Goals: Normal, Save, Zot:1-4, Win
     0 | D:1      | 0 ||| PLANNING D:1-11
   120 | D:1      | Reached XP level 2. HP: 17/17 MP: 2/2
   188 | D:1      | Reached XP level 3. HP: 9/21 MP: 3/3
   503 | D:1      | Reached skill level 5 in Ranged Weapons
   513 | D:1      | 513 ||| UPGRADING to +0 ring mail.
   523 | D:1      | 523 ||| DROPPING +0 leather armour.
   524 | D:1      | 524 ||| READING scroll labelled HYSOOTRIHO.
   525 | D:1      | 525 ||| DRINKING 2 red potions.
   526 | D:1      | 526 ||| DRINKING 2 cyan potions.
   527 | D:1      | 527 ||| DROPPING scroll of butterflies.
   658 | D:2      | Reached skill level 1 in Armour
   825 | D:2      | Reached skill level 3 in Fighting
   825 | D:2      | Reached XP level 4. HP: 28/28 MP: 4/4
  1619 | D:2      | 1619 ||| UPGRADING to +0 helmet.
  1624 | D:2      | 1624 ||| UPGRADING to +1 leather armour of positive energy.
  1634 | D:2      | 1634 ||| DROPPING +0 ring mail.
  1635 | D:2      | 1635 ||| UPGRADING to amulet of reflection.
  1640 | D:2      | 1640 ||| READING scroll labelled ANATHA CEXECA.
  1640 | D:2      | 1640 ||| ENCHANTING +0 helmet.
  1641 | D:2      | 1641 ||| READING scroll labelled PIYNUGOUGO.
  1641 | D:2      | 1641 ||| ENCHANTING +0 shortbow.
  1642 | D:2      | 1642 ||| DRINKING 2 dark potions.
  1643 | D:2      | 1643 ||| DRINKING 2 bubbling clear potions.
  1643 | D:2      | Gained mutation: You expend magic power (3 MP) to
                  | strengthen your wands. [potion of mutation]
  1644 | D:2      | 1644 ||| DRINKING 2 inky potions.
  1710 | D:3      | Noticed a black bear
  1717 | D:3      | HP: 6/28 [black bear (11)]
  1718 | D:3      | 1718 ||| DRINKING bubbling green potion.
  1720 | D:3      | Slain by a black bear

Levels and vault maps discovered:
D:1:      saegor_arrival_simple_d, layout_rooms, minmay_misc_feat_chi
D:2:      minmay_recursive_quarters, layout_basic, st_stairs_12
D:3:      layout_basic, serial_shops, shop, gammafunk_ghost_split,
          cheibrodos_gnoll_hut, uniq_natasha, uniq_terence

Skill      XL: |  1  2  3 |
---------------+----------+-----
Ranged Weapons | 5 |  5.2
Armour         | 1 |  1.4
Fighting       | 3 |  3.1
Dodging        | |  1.5
Stealth        | |  1.1

Action                     |  1- 3 |  4- 6 || total
---------------------------+-------+-------++-------
   Fire: Shortbow          |   101 |    35 ||   136
    Use: Potion            |     2 |     4 ||     6
         Scroll            |     1 |     2 ||     3
 Armour: Leather armour    |    29 |    18 ||    47
         Ring mail         |     9 |     4 ||    13
  Dodge: Dodged            |    34 |     9 ||    43
  Block: Other             |       |     2 ||     2

Table legend:
 A = Non-vault XP
 B = Vault XP
 C = Vault XP percentage of total XP
 D = Non-vault monster count
 E = Vault monster count
 F = Vault count percentage of total count
                 A         B        C        D         E       F
            +---------+---------+-------+---------+---------+-------
      Total |     117 |       9 |   7.1 |      29 |       6 |  17.1
            +---------+---------+-------+---------+---------+-------
        D:1 |      42 |       0 |   0.0 |      16 |       0 |   0.0
        D:2 |      75 |       9 |  10.7 |      13 |       6 |  31.6
            +---------+---------+-------+---------+---------+-------
